 Dungeon Crawl Stone Soup version 0.18.1-48-g4cf74bf (webtiles) character file.

42452 RepoMan the Unseen (level 13, -4/56 HPs)
             Began as a Felid Transmuter on Aug 9, 2016.
             Hit by a large rock thrown by a cyclops (27 damage)
             ... on level 14 of the Dungeon on Aug 13, 2016.
             The game lasted 05:38:04 (35088 turns).

RepoMan the Unseen (Felid Transmuter)              Turns: 35088, Time: 05:38:05

Health: -4/56      AC:  3    Str:  8    XL:     13   Next: 85%
Magic:  17/26      EV: 32    Int: 14    God:
Gold:   1657       SH:  0    Dex: 20    Spells: 10 memorised, 1 level left
                                        Lives:  0   Deaths: 4

rFire  . . .     SeeInvis +       - Unarmed
rCold  + . .     Gourm    .     (armour unavailable)
rNeg   . . .     Faith    .     (shield unavailable)
rPois  .         Spirit   .     (helmet unavailable)
rElec  .         Dismiss  .     (cloak unavailable)
rCorr  +         Reflect  .     (gloves unavailable)
SustAt .         Harm     .     (boots unavailable)
MR     ++...                    (no amulet)
Stlth  +++++++++.               J - ring of resist corrosion
                                y - ring of protection from magic

@: quick, very resistant to hostile enchantments, incredibly stealthy
A: no armour, no weapons or thrown items, claws 1, fangs 3, see invisible,
carnivore 3, speed 1, shaggy fur 3, slow metabolism 1, sharp paws
a: no special abilities


You were on level 14 of the Dungeon.
You were full.

You visited 4 branches of the dungeon, and saw 25 of its levels.
You also visited: Bailey.

You collected 2374 gold pieces.
You spent 717 gold pieces at shops.

Inventory:

Missiles
 a - 130 arrows
Jewellery
 y - a ring of protection from magic (left paw)
 J - a ring of resist corrosion (right paw)
Wands
 k - a wand of paralysis (8/24)
 o - a wand of iceblast (0/15)
 p - a wand of random effects (17/48)
 r - a wand of lightning (0/15)
 s - a wand of acid (0/15)
 w - a wand of teleportation (6/9)
 F - a wand of disintegration (10/24)
 N - a wand of flame (23/48)
 T - a wand of slowing (12/48)
 U - a wand of random effects (20/48)
Scrolls
 d - 3 scrolls of magic mapping
 i - a scroll of identify
 l - a scroll of fog
 m - 4 scrolls of remove curse
 q - 2 scrolls of summoning {unknown}
 K - a scroll of teleportation
 P - a scroll of amnesia {unknown}
 R - 2 scrolls of vulnerability {unknown}
 S - 3 scrolls of recharging
Potions
 b - 4 potions of curing
 g - 3 potions of brilliance
 t - a potion of cancellation
 v - 2 potions of cure mutation
 x - a potion of ambrosia
 z - 2 potions of agility
 L - 2 potions of flight
 M - 2 potions of haste
 Q - 3 potions of invisibility {unknown}
Books
 e - a Necronomicon

   Spells                             Type                      Level
   a - Haunt                          Necromancy/Summoning         7
   b - Borgnjor's Revivification      Necromancy                   8
   c - Death's Door                   Charms/Necromancy            8
   d - Necromutation                  Transmutation/Necromancy     8
 h - a book of Maledictions

   Spells                             Type                      Level
   a - Corona                         Hexes                        1
   b - Ensorcelled Hibernation        Hexes/Ice                    2
   c - Confuse                        Hexes                        3
   d - Tukima's Dance                 Hexes                        3
   e - Dazzling Spray                 Conjuration/Hexes            3
 u - a book of Air

   Spells                             Type                      Level
   a - Shock                          Conjuration/Air              1
   b - Swiftness                      Charms/Air                   2
   c - Repel Missiles                 Charms/Air                   2
   d - Static Discharge               Conjuration/Air              3
   e - Lightning Bolt                 Conjuration/Air              5
 E - a book of Alchemy

   Spells                             Type                      Level
   a - Sublimation of Blood           Necromancy                   2
   b - Ignite Poison                  Fire/Transmutation/Poison    3
   c - Petrify                        Transmutation/Earth          4
   d - Alistair's Intoxication        Transmutation/Poison         5
   e - Irradiate                      Conjuration/Transmutation    5
 G - a book of Transfigurations

   Spells                             Type                      Level
   a - Irradiate                      Conjuration/Transmutation    5
   b - Statue Form                    Transmutation/Earth          6
   c - Hydra Form                     Transmutation                6
   d - Dragon Form                    Transmutation                7
 I - a book of Dreams

   Spells                             Type                      Level
   a - Ensorcelled Hibernation        Hexes/Ice                    2
   b - Silence                        Hexes/Air                    5
   c - Darkness                       Hexes                        6
   d - Shadow Creatures               Summoning                    6
Miscellaneous
 C - a disc of storms
 O - a sack of spiders {used: 4}
Comestibles
 c - 7 meat rations
 f - 2 royal jellies
 n - 9 slices of pizza
 A - 10 beef jerkies


   Skills:
 - Level 6.4 Fighting
 - Level 13.7 Dodging
 + Level 20.0 Stealth
 - Level 9.2 Unarmed Combat
 - Level 8.1 Spellcasting
 - Level 15.4 Hexes
 - Level 12.6 Transmutations


You had one spell level left.
You knew the following spells:

 Your Spells              Type           Power        Failure   Level  Hunger
a - Beastly Appendage     Trmt           #####.       1%          1    None
b - Blade Hands           Trmt           #####.....   1%          5    #####..
c - Confuse               Hex            #####...     1%          3    ##.....
d - Dazzling Spray        Conj/Hex       ####..       1%          3    ##.....
e - Swiftness             Chrm/Air       #.......     21%         2    None
h - Ensorcelled Hibernat  Hex/Ice        ####..       1%          2    None
i - Ice Form              Ice/Trmt       ###.....     12%         4    ####...
o - Spider Form           Trmt/Pois      ###.......   3%          3    ##.....
r - Repel Missiles        Chrm/Air       #.....       21%         2    None
s - Sticks to Snakes      Trmt           #####...     1%          2    None


Dungeon Overview and Level Annotations

Branches:
Dungeon (14/15)            Temple (0/1) D:4            Lair (8/8) D:10
 Shoals (0/4) Lair:3        Snake (0/4) Lair:5        Slime (1/6) Lair:8
    Orc (2/2) D:12            Elf (0/3) Orc:2        Vaults (0/5) D:14

Altars:
Cheibriados
Dithmenos
Elyvilon
Fedhas
Gozag
Kikubaaqudgha
Makhleb
Okawaru
Pakellas
Qazlal
Ru
Sif Muna
Xom
The Shining One

Shops:
D:10 :   Orc:1 *   Orc:2 [[[:

Annotations:
D:3 Natasha, Terence
D:5 1 exclusion
D:6 exclusions: door and 1 more exclusion
Lair:5 exclusions: 2 death yaks and 2 hydras


Innate Abilities, Weirdness & Mutations

You cannot wear armour.
You are incapable of wielding weapons or throwing items.
You have sharp claws.
You have razor-sharp teeth.
You have supernaturally acute eyesight.
You are carnivorous and can eat meat at any time.
You cover ground quickly.
Your thick and shaggy fur keeps you warm (AC +3, rC+).
You have a slow metabolism.
Your sharp claws are effective at attacking unaware monsters.


Message History

You eviscerate the cyclops!!!
The cyclops is almost dead.
The cyclops gestures wildly.
Casting: Confuse
Confirm with . or Enter, or press ? or * to list all spells.
Aiming: Dazzling Spray
Press: ? - help, Shift-Dir - straight line, f/p - cyclops
Aim: a cyclops (almost dead, confused)
The spray of energy hits the cyclops.
The cyclops is almost dead.
Casting: Dazzling Spray
Confirm with . or Enter, or press ? or * to list all spells.
Aiming: Dazzling Spray
Press: ? - help, Shift-Dir - straight line, f - cyclops
Aim: a cyclops The spray of energy hits the cyclops.
The cyclops is lightly wounded.
The cyclops is dazzled.
The cyclops throws a large rock.
The large rock hits you!!
You die...

#### ...# #..# ....#..
##.# #..# ....#.. #.# #...
8..... #.# #..# C...# #.#
#..# ....# #.# #..# ...
#.# #..####.####.# #.####
#...@.C......#
##(...#######.##(#.#######
#..<#................#
#.....##########.###.#
#.#........# #.# .#
#..#######.# #.# # ..##
#.# #.. ### #.# ### #.#


You could see a cyclops (blind).

Vanquished Creatures
  Nessos (Lair:5)
  Erolcha (D:13)
  Snorg (Lair:4)
  A fire dragon (D:14)
  Harold (Lair:4)
  The ghost of Chudej the Thaumaturge, a journeyman DECj of Sif Muna (Lair:7)
  A rakshasa (D:14)
  3 hydras
  A death knight (D:14)
  2 death yaks
  2 tengu warriors (D:14)
  The ghost of mishamorgan the Fighter, a novice HEWz of Sif Muna (Lair:2)
  A deep troll (D:14)
  2 hill giants
  An orc knight (Orc:2)
  2 griffons
  An orc sorcerer (Orc:2)
  7 ugly things
  A cyclops (shapeshifter) (D:14)
  2 deep elf magi (D:13)
  A hornet (shapeshifter) (D:14)
  A manticore (D:13)
  A salamander (shapeshifter) (D:14)
  6 elephants
  A centaur zombie (D:12)
  Maurice (D:9)
  2 molten gargoyles (D:11)
  5 black mambas
  4 centaur skeletons
  A torpor snail (Lair:5)
  14 komodo dragons
  9 spiny frogs
  A gargoyle (D:11)
  4 rime drakes
  3 kobold demonologists (D:12)
  5 trolls
  2 polar bears
  4 slime creatures
  28 blink frogs
  2 two-headed ogres
  A centaur simulacrum (D:14)
  3 shadows
  A tarantella (shapeshifter) (D:14)
  5 wyverns
  2 wraiths
  A hog (D:8)
  2 basilisks
  40 yaks
  11 hippogriffs
  A hippogriff (shapeshifter) (D:14)
  A human (D:8)
  2 vampire mosquitoes (D:10)
  5 nagas (Lair:5)
  A warg (Orc:1)
  2 mottled dragons (D:11)
  A soldier ant (D:12)
  2 hell hounds (D:10)
  15 water moccasins
  16 porcupines
  2 sky beasts
  2 ice beasts
  29 orc warriors
  2 black bears
  6 ogres
  4 phantoms
  12 wolves
  19 centaurs
  4 boggarts (D:14)
  10 crocodiles
  26 giant frogs
  8 big kobolds
  A wyvern zombie (D:12)
  A water moccasin skeleton (D:9)
  A scorpion (D:5)
  11 killer bees (D:10)
  7 howler monkeys
  13 wights
  A lava snake (D:11)
  6 crimson imps
  A quasit (D:9)
  9 jellies
  A giant frog zombie (D:9)
  6 hounds
  16 orc priests
  12 iguanas
  9 worker ants
  16 orc wizards
  10 sheep
  A gnoll (D:7)
  7 adders
  17 river rats
  3 shadow imps
  An ooze (D:6)
  2 adder skeletons (D:8)
  An adder zombie (D:9)
  4 giant geckos
  84 orcs
  5 giant cockroaches
  10 goblins
  5 hobgoblins
  16 jackals
  23 kobolds
  3 quokkas
  3 bats
  3 giant newts
  A jackal skeleton (D:6)
  9 rats
683 creatures vanquished.

Vanquished Creatures (collateral kills)
  A hydra (Lair:2)
  A skeletal warrior (D:12)
  A manticore (Lair:3)
  An elephant (Lair:5)
  2 molten gargoyles (D:11)
  A komodo dragon (Lair:2)
  Prince Ribbit (D:7)
  2 two-headed ogres
  4 blink frogs (Lair:1)
  3 yaks (Lair:4)
  A wraith (D:13)
  A hungry ghost (D:9)
  A wyvern (D:10)
  A porcupine (Lair:3)
  An orc warrior (Orc:2)
  3 ogres
  A giant frog (D:11)
  A wight (D:8)
  A howler monkey (D:9)
  A giant frog zombie (D:11)
  A hound (D:10)
  A mummy (D:8)
  A gnoll (D:3)
  2 adders
  An adder zombie (D:8)
  A worm (D:3)
  A giant gecko (D:3)
  3 orcs
  A quokka (D:3)
  A rat (D:3)
42 creatures vanquished.

Vanquished Creatures (others)
  A centaur (Orc:2)
  An orc wizard (Orc:1)
  34 fungi
  21 plants
57 creatures vanquished.

Grand Total: 782 creatures vanquished

Notes
Turn   | Place    | Note
--------------------------------------------------------------
     0 | D:1      | RepoMan the Felid Transmuter began the quest for the Orb.
     0 | D:1      | Reached XP level 1. HP: 9/9 MP: 4/4
   319 | D:1      | Reached XP level 2. HP: 12/12 MP: 6/6
   837 | D:2      | Found a white marble altar of Elyvilon.
  1023 | D:2      | Learned a level 2 spell: Sticks to Snakes
  1056 | D:2      | Reached skill level 1 in Stealth
  1333 | D:2      | Found an oddly glowing altar of Pakellas.
  1537 | D:2      | Reached XP level 3. HP: 15/15 MP: 5/7
  2007 | D:3      | Noticed Terence
  2686 | D:3      | Noticed Natasha
  2925 | D:3      | Reached XP level 4. HP: 19/19 MP: 3/8
  3049 | D:4      | Learned a level 3 spell: Spider Form
  3080 | D:4      | Found a shimmering altar of Xom.
  3162 | D:4      | Found a staircase to the Ecumenical Temple.
  3166 | D:4      | Reached skill level 2 in Stealth
  3166 | D:4      | Reached XP level 5. HP: 8/22 MP: 9/9
  3674 | D:5      | Entered Level 5 of the Dungeon
  3856 | D:5      | Reached skill level 3 in Stealth
  3856 | D:5      | Gained mutation: You are covered in thick fur (AC +2). [Felid growth]
  3856 | D:5      | Reached XP level 6. HP: 24/25 MP: 11/11
  4550 | D:5      | Found a sacrificial altar of Ru.
  4737 | D:5      | Reached skill level 5 in Transmutations
  5132 | D:5      | Found a glowing golden altar of the Shining One.
  5135 | D:5      | Reached XP level 7. HP: 28/28 MP: 12/12
  5227 | D:6      | Found a deep blue altar of Sif Muna.
  5293 | D:6      | Reached skill level 4 in Stealth
  5328 | D:6      | Found an opulent altar of Gozag.
  5496 | D:6      | Reached skill level 5 in Dodging
  5551 | D:6      | Found an iron altar of Okawaru.
  5778 | D:6      | Reached skill level 5 in Unarmed Combat
  5899 | D:6      | Reached XP level 8. HP: 15/32 MP: 14/14
  6462 | D:7      | Found a shadowy altar of Dithmenos.
  6521 | D:7      | Reached skill level 5 in Stealth
  6757 | D:7      | Noticed Prince Ribbit
  7497 | D:7      | Killed Prince Ribbit
  7497 | D:7      | Reached XP level 9. HP: 9/35 MP: 5/17
  7767 | D:8      | Reached skill level 6 in Stealth
  7836 | D:8      | Reached skill level 5 in Spellcasting
  8153 | D:8      | Found a snail-covered altar of Cheibriados.
  8216 | D:8      | Found a flagged portal.
  8228 | Bailey   | Entered a bailey
  8604 | D:8      | Slain by a wight
  8605 | D:8      | Reached XP level 8. HP: 0/32 MP: 8/16
  8701 | D:8      | Learned a level 5 spell: Blade Hands
  8802 | D:8      | Reached skill level 7 in Stealth
  9321 | D:9      | Noticed a troll
  9333 | D:9      | Killed a troll
  9333 | D:9      | Reached XP level 9. HP: 36/36 MP: 14/18
  9451 | D:9      | Noticed a hill giant
  9455 | D:9      | Reached skill level 8 in Stealth
  9473 | D:8      | HP: 1/36 [hill giant/giant club (23)]
  9486 | D:8      | Killed a hill giant
  9839 | D:9      | Noticed Maurice
 10205 | D:9      | Found a stormy altar of Qazlal.
 10257 | D:9      | Reached skill level 9 in Stealth
 10621 | D:9      | Reached XP level 10. HP: 24/41 MP: 17/20
 10774 | D:9      | HP: 2/41 [centaur/arrow (10)]
 11076 | D:9      | Found an ancient bone altar of Kikubaaqudgha.
 11078 | D:9      | Found a blossoming altar of Fedhas.
 11100 | D:9      | Found a burning altar of Makhleb.
 11100 | D:9      | Noticed a green death
 11172 | D:9      | Killed Maurice
 11172 | D:9      | Reached skill level 10 in Transmutations
 11266 | D:9      | Learned a level 4 spell: Ice Form
 11267 | D:10     | Entered Level 10 of the Dungeon
 11576 | D:10     | Reached skill level 10 in Stealth
 12018 | D:10     | Learned a level 2 spell: Ensorcelled Hibernation
 12092 | D:10     | Reached skill level 1 in Hexes
 12168 | D:10     | Found a staircase to the Lair.
 12646 | D:10     | Found Domn's Book Shop.
 12738 | D:10     | Bought a book of Maledictions for 350 gold pieces
 12742 | D:10     | Learned a level 3 spell: Confuse
 13104 | D:11     | Noticed a molten gargoyle
 13154 | Lair:1   | Entered Level 1 of the Lair of Beasts
 13186 | Lair:1   | Noticed a spiny frog
 13198 | Lair:1   | Killed a spiny frog
 13291 | Lair:1   | Noticed a spiny frog
 13295 | Lair:1   | Killed a spiny frog
 13295 | Lair:1   | Reached XP level 11. HP: 46/46 MP: 17/22
 13351 | Lair:1   | Slain by a komodo dragon
 13352 | Lair:1   | Reached XP level 10. HP: -1/42 MP: 9/21
 13870 | Lair:1   | Reached skill level 11 in Stealth
 14455 | Lair:2   | Noticed a six-headed hydra
 14530 | Lair:2   | Noticed a spiny frog
 14540 | Lair:2   | Killed a spiny frog
 14954 | Lair:2   | HP: 2/43 [blink frog (17)]
 15208 | Lair:2   | Noticed mishamorgan's ghost (novice HEWz)
 15329 | Lair:2   | Reached skill level 5 in Hexes
 15329 | Lair:2   | Reached XP level 11. HP: 46/46 MP: 13/22
 15513 | Lair:1   | Learned a level 3 spell: Dazzling Spray
 15901 | Lair:2   | Killed mishamorgan's ghost
 15948 | Lair:2   | Reached skill level 10 in Dodging
 16177 | Lair:1   | Reached skill level 12 in Stealth
 16843 | Lair:3   | Reached skill level 5 in Fighting
 16904 | Lair:3   | Found a staircase to the Shoals.
 16904 | Lair:3   | Noticed a griffon
 17080 | Lair:3   | HP: 1/47 [manticore/volley of spikes (15)]
 17600 | Lair:4   | Noticed Snorg
 17634 | Lair:4   | Killed Snorg
 17753 | Lair:4   | Noticed Harold
 17759 | Lair:4   | Slain by a yak
 17760 | Lair:4   | Reached XP level 10. HP: -3/44 MP: 9/22
 17877 | Lair:4   | Killed Harold
 17877 | Lair:4   | Reached skill level 13 in Stealth
 17960 | Lair:4   | Noticed a black mamba
 17967 | Lair:4   | Killed a black mamba
 18024 | Lair:4   | Reached XP level 11. HP: 33/48 MP: 13/23
 18322 | Lair:4   | Noticed a seven-headed hydra
 18578 | Lair:4   | Reached skill level 14 in Stealth
 19916 | Lair:5   | Reached skill level 10 in Hexes
 19990 | Lair:5   | Noticed a death yak
 20008 | Lair:5   | Reached skill level 15 in Stealth
 20105 | Lair:5   | Noticed a four-headed hydra
 20162 | Lair:5   | Found a staircase to the Snake Pit.
 20285 | Lair:5   | Noticed a death yak
 20353 | Lair:5   | Noticed a five-headed hydra
 20376 | Lair:5   | Noticed a death yak
 20493 | Lair:5   | Noticed Nessos
 20498 | Lair:5   | Killed Nessos
 20543 | Lair:6   | Noticed a death yak
 20543 | Lair:6   | Noticed a death yak
 20543 | Lair:6   | Noticed a death yak
 20543 | Lair:6   | Noticed a death yak
 20545 | Lair:6   | Noticed a death yak
 20777 | Lair:5   | Noticed a death yak
 20789 | Lair:5   | Noticed a death yak
 20828 | Lair:5   | Noticed a death yak
 20947 | Lair:5   | Killed a death yak
 20947 | Lair:5   | Gained mutation: Your thick and shaggy fur keeps you warm (AC +3, rC+). [Felid growth]
 20947 | Lair:5   | Reached XP level 12. HP: 25/51 MP: 8/24
 21182 | Lair:5   | Noticed a death yak
 21417 | Lair:6   | Noticed a death yak
 21418 | Lair:6   | Noticed a death yak
 21418 | Lair:6   | Noticed a death yak
 21623 | Lair:6   | Found a deep blue altar of Sif Muna.
 21741 | Lair:7   | Reached skill level 16 in Stealth
 22190 | Lair:7   | Noticed a six-headed hydra
 22308 | Lair:7   | Noticed Chudej's ghost (journeyman DECj)
 22494 | Lair:8   | Entered Level 8 of the Lair of Beasts
 22939 | Lair:8   | Noticed a death yak
 22949 | Lair:8   | Noticed a seven-headed hydra
 22984 | Lair:8   | Noticed a death yak
 23020 | Lair:8   | Found a staircase to the Slime Pits.
 23027 | Lair:8   | Reached skill level 17 in Stealth
 23081 | Slime:1  | Entered Level 1 of the Pits of Slime
 23081 | Slime:1  | Noticed an azure jelly
 23132 | Lair:8   | Found a glowing golden altar of the Shining One.
 23155 | Lair:8   | Found a dark tunnel.
 23575 | Lair:8   | Noticed a six-headed hydra
 23582 | Lair:8   | Noticed a death yak
 23584 | Lair:8   | Killed a six-headed hydra
 23584 | Lair:8   | Reached XP level 13. HP: 55/55 MP: 25/25
 23964 | Lair:7   | Killed Chudej's ghost
 27462 | D:11     | Reached skill level 15 in Hexes
 28985 | D:12     | Found a staircase to the Orcish Mines.
 29012 | Orc:1    | Entered Level 1 of the Orcish Mines
 29240 | Orc:1    | Found Guimm's Assorted Antiques.
 29263 | Orc:1    | Bought a scroll labeled MYSMACSEDOIL for 35 gold pieces
 29263 | Orc:1    | Bought a scroll of magic mapping for 122 gold pieces
 29263 | Orc:1    | Bought a scroll of identify for 70 gold pieces
 29263 | Orc:1    | Bought a crooked bronze wand for 140 gold pieces
 29428 | Orc:2    | Entered Level 2 of the Orcish Mines
 29986 | Orc:2    | Shot with an arrow by a centaur
 29987 | Orc:2    | Reached XP level 12. HP: -8/52 MP: 2/25
 29987 | Orc:2    | Found a staircase to the Elven Halls.
 30362 | Orc:2    | Reached XP level 13. HP: 50/55 MP: 12/26
 31512 | Orc:2    | Found Wefiete's Armour Emporium.
 31512 | Orc:2    | Found Woelon's Armour Boutique.
 31514 | Orc:2    | Found Ogeorgho's Antique Armour Shop.
 31516 | Orc:2    | Found Disaeti's Book Shoppe.
 32062 | D:12     | Gained mutation: You are somewhat resistant to further mutation. [mutagenic meat]
 32063 | D:12     | Gained mutation: You are weak. (Str -2) [mutagenic meat]
 32066 | D:12     | Gained mutation: Your flesh is cold resistant. [potion of mutation]
 32070 | D:12     | Lost mutation: You are weak. (Str -2) [potion of cure mutation]
 32070 | D:12     | Lost mutation: You are somewhat resistant to further mutation. [potion of cure mutation]
 32070 | D:12     | Lost mutation: Your flesh is cold resistant. [potion of cure mutation]
 32517 | D:11     | Reached skill level 18 in Stealth
 33189 | D:13     | Found a frozen archway.
 33536 | D:13     | Noticed Erolcha
 33543 | D:13     | Killed Erolcha
 33967 | D:14     | Reached skill level 19 in Stealth
 34026 | D:14     | Noticed a fire dragon
 34032 | D:14     | Killed a fire dragon
 34038 | D:14     | Found a gate to the Vaults.
 34049 | D:14     | Learned a level 2 spell: Repel Missiles
 34052 | D:14     | Learned a level 2 spell: Swiftness
 34909 | D:14     | Reached skill level 20 in Stealth
 35088 | D:14     | Hit by a large rock thrown by a cyclops

Skill      XL: |  1  2  3  4  5  6  7  8  9 10 11 12 13 |
---------------+----------------------------------------+-----
Dodging        | 3 4 5 6 8 9 11 12 13 | 13.7
Stealth        | 1 2 3 4 7 9 13 15 17 20 | 20.0
Transmutations | 3 4 5 6 9 8 11 12 | 12.6
Unarmed Combat | 4 5 7 8 9 |  9.2
Spellcasting   | 3 4 6 7 8 |  8.1
Fighting       | 2 4 5 6 |  6.4
Hexes          | 7 11 13 15 | 15.4

Action                   |  1- 3 |  4- 6 |  7- 9 | 10-12 | 13-15 || total
-------------------------+-------+-------+-------+-------+-------++-------
Melee: Unarmed           |   107 |    72 |   368 |   647 |   550 ||  1744
       Bite              |     7 |     6 |    17 |    26 |    38 ||    94
       Headbutt          |    13 |     6 |    20 |       |       ||    39
       Punch             |     2 |     1 |     7 |    13 |    18 ||    41
 Cast: Beastly Appendage |    14 |     5 |    16 |     3 |       ||    38
       Sticks to Snakes  |    12 |     6 |    36 |    56 |    56 ||   166
       Spider Form       |       |     4 |    21 |    15 |     4 ||    44
       Blade Hands       |       |       |     4 |    10 |     5 ||    19
       Ensorcelled Hiber |       |       |       |   136 |   109 ||   245
       Confuse           |       |       |       |    37 |   124 ||   161
       Dazzling Spray    |       |       |       |    65 |    74 ||   139
       Ice Form          |       |       |       |    14 |     2 ||    16
 Abil: End Transformatio |       |     1 |     3 |     2 |       ||     6
Evoke: Wand              |       |     7 |    24 |     9 |     4 ||    44
       Sack of spiders   |       |       |       |     3 |     1 ||     4
  Use: Potion            |       |     2 |     3 |    10 |     5 ||    20
       Scroll            |       |       |     9 |    14 |     8 ||    31
 Stab: Sleeping          |     8 |     6 |    10 |   110 |    65 ||   199
       Distracted        |       |     1 |     1 |     4 |     7 ||    13
       Confused          |       |       |       |    14 |    62 ||    76
       Invisible         |       |       |       |    24 |    14 ||    38
  Eat: Chunk             |    11 |     5 |    25 |    53 |    34 ||   128
Armor: Skin              |     6 |     2 |     6 |    60 |    18 ||    92
Dodge: Dodged            |    71 |    49 |   344 |   535 |   575 ||  1574
